 Dungeon Crawl Stone Soup version 0.28.0-43-g3370ac3207 (webtiles) character file.

Game seed: 4859449237025131583

263655 nickcage the Hoplite (level 19, -26/187 HPs)
             Began as a Minotaur Fighter on Mar 14, 2022.
             Was the Champion of the Shining One.
             Annihilated by a wolf spider (27 damage)
             ... summoned by a broodmother
             ... on level 4 of the Spider Nest on Mar 18, 2022.
             The game lasted 03:13:08 (39511 turns).

nickcage the Hoplite (Minotaur Fighter)            Turns: 39511, Time: 03:13:09

Health: -26/187    AC: 37    Str: 38 (39) XL:     19   Next: 63%
Magic:  21/24      EV: 13    Int:  9      God:    the Shining One [******]
Gold:   4397       SH: 33    Dex: 13      Spells: 18/18 levels left

rFire   + . .      SeeInvis .   g - +6 flail "Ruirix" {vorpal, rPois Str+3 Int+4 Stlth+}
rCold   . . .      Faith    .   A - +1 tower shield
rNeg    + + +      Spirit   .   U - +9 plate armour of the Five Geomancers {Str+4}
rPois   +          Reflect  .   S - +2 hat
rElec   .          Harm     .   s - +2 cloak {rCorr}
rCorr   +          Rampage  .   D - +2 pair of gloves
Will    +....                   (no boots)
Stlth   ..........              o - amulet "Fasyr" {Acrobat rPois}
HPRegen 0.41/turn               p - +6 ring of strength
MPRegen 0.19/turn               u - ring of protection from fire

@: divinely shielded, slowed, glowing, studying Shields, very slow
A: horns 2, retaliatory headbutt
}: 1/15 runes: barnacled
a: Renounce Religion, Divine Shield, Cleansing Flame, Summon Divine Warrior,
Brand Weapon With Holy Wrath


You were on level 4 of the Spider Nest.
You worshipped the Shining One.
The Shining One was exalted by your worship.
You visited 7 branches of the dungeon, and saw 35 of its levels.
You visited the Abyss 2 times.

You collected 5648 gold pieces.
You spent 1251 gold pieces at shops.

Inventory:

Hand Weapons
 g - the +6 flail "Ruirix" (weapon) {vorpal, rPois Str+3 Int+4 Stlth+}
   (You found it on level 3 of the Dungeon)

   It inflicts extra damage upon your enemies.
   Str:       It affects your strength (+3).
   Int:       It affects your intelligence (+4).
   rPois:     It protects you from poison.
   Stlth:     It makes you more stealthy.
 P - a +4 eveningstar of protection
 Z - the +8 storm bow {elec, penet}
   (You found it on level 3 of the Elven Halls)

   Any ammunition fired from it occasionally discharges a powerful burst of
   electricity upon striking a foe.
   Any ammunition fired by it passes through the targets it hits, potentially
   hitting all targets in its path until it reaches maximum range.
Missiles
 e - 2 throwing nets
 x - 37 poisoned darts (quivered)
Armour
 s - a +2 cloak of preservation (worn)
 A - a +1 tower shield (worn)
 D - a +2 pair of gloves (worn)
 F - the +2 leather armour of the End {rC+++ Will- Slay+5 SInv}
   (You found it on level 10 of the Dungeon)

   Slay:      It affects your accuracy & damage with ranged weapons and melee
   (+5).
   rC:        It renders you almost immune to cold.
   SInv:      It lets you see invisible.
   Will:      It decreases your willpower.
 S - a +2 hat (worn)
 U - the +9 plate armour of the Five Geomancers (worn) {Str+4}
   (You bought it in a shop on level 2 of the Orcish Mines)

   Str:       It affects your strength (+4).
Jewellery
 b - an amulet of regeneration
 d - an amulet of reflection
 o - the amulet "Fasyr" (around neck) {Acrobat rPois}
   (You found it on level 4 of the Shoals)

   [amulet of the acrobat]

   It increases your evasion while moving and waiting.
   rPois:     It protects you from poison.
 p - a +6 ring of strength (left hand)
 r - a ring of protection from cold
 u - a ring of protection from fire (right hand)
 w - a ring of willpower
 y - the ring of Xezun {rCorr MP+9 Str+4}
   (You found it on level 4 of the Shoals)

   [ring of magical power]

   Str:       It affects your strength (+4).
   MP:        It affects your magic capacity (+9).
   rCorr:     It protects you from acid and corrosion.
 H - a ring of resist corrosion
Wands
 h - a wand of paralysis (18)
 j - a wand of iceblast (9)
 v - a wand of mindburst (18)
 B - a wand of acid (7)
 C - a wand of digging (5)
 E - a wand of polymorph (10)
 R - a wand of flame (38)
Scrolls
 c - a scroll of summoning
 f - 10 scrolls of teleportation
 n - 10 scrolls of identify
 q - 3 scrolls of magic mapping
 z - 2 scrolls of blinking
 I - a scroll of holy word
 L - 2 scrolls of silence
 N - 7 scrolls of fear
Potions
 k - 6 potions of flight
 l - 16 potions of curing
 m - 2 potions of resistance
 t - 4 potions of heal wounds
 M - a potion of invisibility
 O - a potion of might
 Q - a potion of brilliance
 V - a potion of berserk rage
 W - 3 potions of haste
 X - 2 potions of ambrosia
Miscellaneous
 i - a lightning rod (4/4)
 G - a piece from Xom's chessboard (15/15)
 J - a phial of floods
 K - a tin of tremorstones (2/2)


   Skills:
 + Level 20.7 Fighting
 + Level 19.8 Maces & Flails
 - Level 5.3 Polearms
 + Level 19.2 Armour
 - Level 10.3 Dodging
 + Level 23.5 Shields
 * Level 8.2 Invocations


You had 18 spell levels left.
You didn't know any spells.
Your spell library contained the following spells:

 Spells                   Type           Power      Damage    Failure   Level
 Animate Skeleton         Necr           0%         N/A       88%         1
 Foxfire                  Conj/Fire      0%         2x1d4     88%         1
 Magic Dart               Conj           0%         1d3       88%         1
 Pain                     Necr           0%         1d4       88%         1
 Sandblast                Erth           0%         2d4       88%         1
 Shock                    Conj/Air       0%         1d3       88%         1
 Call Imp                 Summ           0%         N/A       96%         2
 Ensorcelled Hibernation  Hex/Ice        0%         N/A       96%         2
 Passwall                 Tmut/Erth      0%         N/A       96%         2
 Scorch                   Fire           0%         2d5       96%         2
 Conjure Flame            Conj/Fire      0%         6-21      99%         3
 Gell's Gravitas          Tloc           0%         N/A       99%         3
 Ignite Poison            Fire/Tmut/Pois 0%         N/A       99%         3
 Inner Flame              Hex/Fire       0%         N/A       99%         3
 Mephitic Cloud           Conj/Pois/Air  0%         N/A       99%         3
 Ozocubu's Armour         Ice            0%         N/A       99%         3
 Stone Arrow              Conj/Erth      0%         3d7       99%         3
 Swiftness                Air            0%         N/A       99%         3
 Teleport Other           Tloc           0%         N/A       99%         3
 Vampiric Draining        Necr           0%         2d6       99%         3
 Airstrike                Air            0%         N/A       100%        4
 Animate Armour           Summ/Erth      0%         N/A       100%        4
 Animate Dead             Necr           0%         N/A       100%        4
 Cause Fear               Hex            0%         N/A       100%        4
 Flame Wave               Conj/Fire      0%         2d4       100%        4
 Fulminant Prism          Conj/Hex       0%         3d6       100%        4
 Hailstorm                Conj/Ice       0%         3d3       100%        4
 Ice Form                 Ice/Tmut       0%         N/A       100%        4
 Iskenderun's Mystic Bla  Conj/Tloc      0%         2d3       100%        4
 Olgreb's Toxic Radiance  Pois           0%         N/A       100%        4
 Petrify                  Tmut/Erth      0%         N/A       100%        4
 Sticky Flame             Conj/Fire      0%         2d3       100%        4
 Summon Ice Beast         Ice/Summ       0%         N/A       100%        4
 Fireball                 Conj/Fire      0%         3d3       100%        5
 Iskenderun's Battlesphe  Conj           0%         2d6       100%        5
 Lee's Rapid Deconstruct  Erth           0%         3d5*      100%        5
 Metabolic Englaciation   Hex/Ice        0%         N/A       100%        5
 Summon Forest            Summ/Tloc      0%         N/A       100%        5
 Summon Mana Viper        Hex/Summ       0%         N/A       100%        5
 Conjure Ball Lightning   Conj/Air       0%         3x3d6     100%        6
 Dispersal                Tloc           0%         N/A       100%        6
 Simulacrum               Ice/Necr       0%         N/A       100%        6
 Starburst                Conj/Fire      0%         6d3       100%        6
 Summon Cactus Giant      Summ           0%         N/A       100%        6
 Monstrous Menagerie      Summ           0%         N/A       100%        7
 Orb of Destruction       Conj           0%         9d5       100%        7
 Ozocubu's Refrigeration  Ice            0%         4d5       100%        7
 Discord                  Hex            0%         N/A       100%        8
 Disjunction              Tloc           0%         N/A       100%        8
 Ignition                 Fire           0%         3d3       100%        8
 Chain Lightning          Conj/Air       0%         N/A       100%        9
 Fire Storm               Conj/Fire      0%         5d1       100%        9
 Shatter                  Erth           0%         3d5*      100%        9


Dungeon Overview and Level Annotations

Branches:
Dungeon (15/15)            Temple (1/1) D:5            Lair (6/6) D:8
 Shoals (4/4) Lair:3       Spider (4/4) Lair:2        Slime (0/5) Lair:5
    Orc (2/2) D:9             Elf (3/3) Orc:2        Depths (0/4) D:15
 Vaults: D:13-14

Altars:
Ashenzari
Cheibriados
Dithmenos
Elyvilon
Fedhas
Gozag
Hepliaklqana
Kikubaaqudgha
Makhleb
Nemelex Xobeh
Okawaru
Qazlal
Sif Muna
Trog
Vehumet
Wu Jian
Xom
Yredelemnul
Zin
The Shining One
Beogh
Jiyva

Shops:
Orc:2 [*([   Shoals:2 *

Annotations:
D:4 2 runed translucent doors
D:11 1 runed translucent door, pkoi's ghost, journeyman DrCj


Innate Abilities, Weirdness & Mutations

You have a pair of horns on your head.
You reflexively headbutt those who attack you in melee.


Message History

You headbutt the broodmother. The wolf spider closely misses you.
You furiously retaliate!
You headbutt the wolf spider! You block the wolf spider's attack.
The wolf spider hits you but does no damage.
The wolf spider completely misses you. The spark wasp stings you!
The spark wasp shocks you!
The jumping spider leaps!
The broodmother bites you.
The wolf spider hits you but does no damage.
The wolf spider bites you but does no damage.
You are caught in the web!
The jumping spider rages.
The spark wasp stings you but does no damage.
The wolf spider rages.
The wolf spider barely misses you.
The wolf spider bites you but does no damage.
The spark wasp stings you. The spark wasp shocks you!
The emperor scorpion stings you!
The emperor scorpion claws you but does no damage. x2
The moth of wrath goads the wolf spider on!
The wolf spider goes berserk!
The culicivora rages.
There is a web, spattered with blood here.
You see here a culicivora corpse.
You disentangle yourself.
You block the broodmother's attack. You block the wolf spider's attack. x2
You block the emperor scorpion's attack.
The emperor scorpion claws you but does no damage.
You block the emperor scorpion's attack.
The spark wasp stings you! The spark wasp shocks you!
* * * LOW HITPOINT WARNING * * *
The broodmother bites you!!
* * * LOW HITPOINT WARNING * * *
The wolf spider hits you but does no damage.
The wolf spider barely misses you. The emperor scorpion stings you!
* * * LOW HITPOINT WARNING * * *
The emperor scorpion claws you but does no damage. x2
The spark wasp completely misses you.
The wolf spider splashes around in the water.
The wolf spider bites you but does no damage.
The wolf spider hits you!!
You die...

#^......##
#.......^#
#^^......#
##^ss...^# #sssy...#
##ws.s..# #ss#s#^#
##sys.^## ###@s....#
##^#ss...^#
###^^#.....^#
#####....#......#
#.......^#.^..^^# ..
#.^.....^#.^...≈#≈..
##^.....^#.....≈#≈..
#..^...≈.......^^..
#.............≈....


You could see a broodmother (berserk), an emperor scorpion (berserk), a spark
wasp, a torpor snail (berserk), a demonic crawler, 4 wolf spiders, a moth of
wrath, 3 culicivoras, 2 jumping spiders and 3 redbacks.

Vanquished Creatures
  Asterion (Elf:2)
  4 deep elf blademasters
  A titan (Shoals:4)
  A deep elf master archer (Elf:3)
  2 tentacled starspawn (Abyss:2)
  2 Executioners (Abyss:2)
  Frances (Spider:2)
  Donald (Shoals:3)
  4 deep elf sorcerers (Elf:3)
  Louise (Shoals:2)
  Aizul (Spider:1)
  2 ghost moths (Spider:4)
  2 deep elf elementalists (Elf:3)
  A stone giant (D:15)
  5 deep elf demonologists (Elf:3)
  The ghost of Jingleheimer the Severer, a journeyman DsBe of Trog (Lair:6)
  8 deep elf annihilators
  5 entropy weavers
  A fire dragon (D:13)
  6 deep elf death magi
  8 deep elf high priests
  12 merfolk impalers
  5 merfolk javelineers
  Harold (D:7)
  A great orb of eyes (Abyss:2)
  2 boulder beetles
  14 hydras
  5 ogre magi (Orc:2)
  4 centaur warriors
  An alligator snapping turtle (Shoals:4)
  6 merfolk aquamancers
  Erica (D:8)
  34 dancing weapons
  2 catoblepae
  7 merfolk avatars
  24 two-headed ogres
  2 tengu warriors (D:15)
  12 death yaks
  A satyr (Shoals:4)
  3 thrashing horrors (Abyss:2)
  Nergalle (D:10)
  23 deep elf knights
  A wretched star (Abyss:2)
  3 sun moths
  A fire crab (shapeshifter) (D:14)
  A goliath frog (Lair:6)
  6 pharaoh ants
  12 sea snakes
  A steelbarb worm (shapeshifter) (D:14)
  2 steelbarb worms
  5 orb spiders
  18 deep elf archers
  A lindwurm (Lair:6)
  20 harpies
  An anaconda skeleton (Abyss:2)
  A glowing orange brain (shapeshifter) (Elf:3)
  2 large abominations (Abyss:2)
  An orc knight (D:14)
  4 cyclopes
  30 deep elf pyromancers
  35 deep elf zephyrmancers
  14 wolf spiders
  10 merfolk sirens
  A salamander (shapeshifter) (Elf:1)
  7 fauns (Shoals:1)
  3 moths of wrath
  8 ugly things
  12 manticores
  A worldbinder (Abyss:2)
  2 centaur zombies
  15 water nymphs
  Maurice (Orc:2)
  4 torpor snails
  7 black mambas
  20 cane toads
  2 orange demons (Abyss:2)
  2 smoke demons (Abyss:2)
  A kobold demonologist (D:12)
  3 gargoyles
  9 demonic crawlers
  A rime drake (Lair:2)
  An efreet (D:14)
  8 komodo dragons
  A freezing wraith (D:15)
  An ancient zyme (Abyss:2)
  44 merfolk
  9 wind drakes
  18 meliai
  4 polar bears
  A harpy zombie (Abyss:2)
  4 tyrant leeches (Lair:6)
  14 blink frogs
  2 trolls
  17 tarantellas
  A polar bear (shapeshifter) (D:15)
  7 snapping turtles
  3 dream sheep (Shoals:4)
  A raiju (Abyss:2)
  32 jumping spiders
  A centaur simulacrum (D:14)
  2 slime creatures (Abyss:2)
  20 culicivoras
  4 shadows
  A spriggan (shapeshifter) (D:15)
  11 air elementals
  5 wyverns
  A ynoxinul (Abyss:2)
  6 basilisks
  39 water elementals
  A wraith (D:11)
  25 yaks
  Grum (D:9)
  A vampire (D:9)
  5 fire elementals
  53 redbacks
  A human (shapeshifter) (D:13)
  2 steam dragons
  9 vampire mosquitoes
  8 wargs
  3 acid dragons
  14 water moccasins
  Duvessa (D:7)
  A swamp drake (Orc:1)
  26 orc warriors
  3 sky beasts
  2 black bears
  20 ogres
  8 wolves
  2 necrophages
  5 boggarts
  A small abomination (Abyss:2)
  7 centaurs
  18 bullfrogs
  3 gnoll sergeants (D:9)
  5 earth elementals
  2 scorpions
  Dowan (D:7)
  A water moccasin skeleton (D:5)
  2 jellies
  22 killer bees
  5 wights (D:7)
  6 electric eels
  3 vampire bats (D:3)
  A howler monkey (D:5)
  3 lava snakes (D:13)
  5 crimson imps
  14 starcursed masses (Abyss:2)
  3 hounds
  2 iron imps
  A bullfrog skeleton (D:5)
  3 gnoll shamans
  19 orc priests
  6 iguanas
  26 orc wizards
  14 hell rats
  A killer bee zombie (D:8)
  3 hound skeletons
  6 adders
  20 gnolls
  5 river rats (Lair:5)
  A shadow imp (Orc:1)
  2 white imps
  2 ufetubi
  An adder skeleton (D:4)
  2 worms
  2 dart slugs
  98 orcs
  5 bat skeletons (D:3)
  A bat zombie (D:3)
  8 endoplasms
  6 goblins
  11 hobgoblins
  8 jackals
  6 kobolds
  2 quokkas
  7 ball pythons
  4 bats
  3 frilled lizards
  3 rats
  A plant (Shoals:4)
1317 creatures vanquished.

Vanquished Creatures (collateral kills)
  A deep elf annihilator (Elf:3)
1 creature vanquished.

Vanquished Creatures (others)
  An orc (Orc:1)
  A fire vortex (D:13)
  36 fungi
  130 plants
  4 starspawn tentacles (Abyss:2)
172 creatures vanquished.

Grand Total: 1490 creatures vanquished

Notes
Turn   | Place    | Note
-------+----------+-------------------------------------------
     0 | D:1      | nickcage the Minotaur Fighter began the quest for the Orb.
     0 | D:1      | Reached XP level 1. HP: 19/19 MP: 0/0
   200 | D:1      | Reached XP level 2. HP: 26/26 MP: 1/1
   590 | D:2      | Found a shimmering altar of Xom.
   750 | D:2      | Reached XP level 3. HP: 30/31 MP: 2/2
  1143 | D:2      | Reached skill level 5 in Polearms
  1471 | D:2      | Reached XP level 4. HP: 34/39 MP: 3/3
  1802 | D:3      | Identified the +6 flail "Ruirix" {vorpal, rPois Str+3 Int+4
                  | Stlth+}
  2145 | D:3      | Reached skill level 1 in Maces & Flails
  2152 | D:3      | Found an ancient bone altar of Kikubaaqudgha.
  2159 | D:3      | Reached XP level 5. HP: 45/46 MP: 4/4
  2206 | D:3      | Found a broken altar of Ashenzari.
  2469 | D:3      | Found a faded altar of an unknown god.
  2478 | D:3      | Got Plato's Reference Book on the Arsonist
  2723 | D:4      | You fall into a shaft and drop 2 floors!
  2726 | D:6      | Noticed a steam dragon
  2736 | D:6      | Killed a steam dragon
  2737 | D:6      | Reached skill level 5 in Maces & Flails
  2737 | D:6      | Reached XP level 6. HP: 36/52 MP: 5/5
  2994 | D:6      | Noticed a sky beast
  3008 | D:6      | Killed a sky beast
  3053 | D:6      | Reached XP level 7. HP: 59/59 MP: 6/6
  3224 | D:7      | Noticed Dowan
  3311 | D:5      | Entered Level 5 of the Dungeon
  3449 | D:4      | Found a large runed translucent door.
  3450 | D:4      | Found a large runed translucent door.
  4086 | D:5      | Reached XP level 8. HP: 63/66 MP: 7/7
  4089 | D:5      | Reached skill level 10 in Maces & Flails
  4314 | D:5      | Found a staircase to the Ecumenical Temple.
  4323 | Temple   | Entered the Ecumenical Temple
  4378 | Temple   | Became a worshipper of the Shining One
  5059 | D:7      | Killed Dowan
  5063 | D:7      | Noticed Duvessa
  5071 | D:7      | Killed Duvessa
  5406 | D:7      | Reached XP level 9. HP: 50/71 MP: 8/8
  5519 | D:7      | Noticed Harold
  5530 | D:7      | Killed Harold
  5714 | D:7      | Found a glowing silver altar of Zin.
  5724 | D:7      | Reached * piety under the Shining One
  6192 | D:8      | Found a shimmering blue altar of Sif Muna.
  6227 | D:8      | Reached skill level 5 in Fighting
  6227 | D:8      | Reached skill level 5 in Armour
  6227 | D:8      | Reached skill level 4 in Shields
  6387 | D:8      | Noticed Erica
  6609 | D:8      | Killed Erica
  6610 | D:8      | Reached skill level 1 in Dodging
  6610 | D:8      | Reached skill level 5 in Shields
  6610 | D:8      | Reached XP level 10. HP: 47/84 MP: 9/9
  6958 | D:8      | Found a basalt altar of Yredelemnul.
  7014 | D:8      | Found a shimmering altar of Xom.
  7015 | D:8      | Reached ** piety under the Shining One
  7207 | D:8      | Found a staircase to the Lair.
  7698 | D:9      | Found a staircase to the Orcish Mines.
  7702 | D:9      | Noticed Grum
  7716 | D:9      | Killed Grum
  7859 | D:9      | Reached skill level 10 in Armour
  8188 | D:9      | Noticed a deep elf pyromancer
  8200 | D:9      | Killed a deep elf pyromancer
  8201 | D:9      | Reached skill level 6 in Shields
  8201 | D:9      | Reached XP level 11. HP: 70/97 MP: 10/10
  8380 | D:9      | Reached *** piety under the Shining One
  8392 | D:9      | Identified the +5 scale mail "Huimm" {Rampage Str+3 Dex-5}
  8837 | D:10     | Entered Level 10 of the Dungeon
  8865 | D:10     | Noticed a two-headed ogre
  8866 | D:10     | Identified the +7 hand crossbow "Ybbo Bimu" {flame, rPois
                  | Str+4}
  8875 | D:10     | Killed a two-headed ogre
  9140 | D:10     | Reached skill level 10 in Fighting
  9148 | D:10     | Noticed Nergalle
  9160 | D:10     | Killed Nergalle
  9161 | D:10     | Reached skill level 7 in Shields
  9228 | D:10     | Identified the +2 leather armour of the End {rC+++ Will-
                  | Slay+5 SInv}
  9701 | D:11     | Reached **** piety under the Shining One
  9805 | D:11     | Noticed a purple ugly thing
  9822 | D:11     | Killed a purple ugly thing
  9851 | D:11     | Noticed a five-headed hydra
  9854 | D:11     | Killed a five-headed hydra
  9855 | D:11     | Reached skill level 8 in Shields
 10171 | D:11     | Found a runed translucent door.
 10173 | D:11     | Noticed pkoi's ghost (journeyman DrCj)
 10173 | D:11     | Noticed a boulder beetle
 10222 | D:12     | Noticed a two-headed ogre
 10226 | D:12     | Killed a two-headed ogre
 10227 | D:12     | Reached XP level 12. HP: 91/110 MP: 11/11
 10717 | D:12     | Identified the +5 short sword of Impeachment {vorpal,
                  | Fragile rElec Dex+10 SInv}
 10749 | D:12     | Noticed a two-headed ogre
 10756 | D:12     | Killed a two-headed ogre
 10757 | D:12     | Reached skill level 1 in Invocations
 10807 | D:12     | Noticed a two-headed ogre
 10814 | D:12     | Killed a two-headed ogre
 11241 | D:12     | Noticed a two-headed ogre
 11246 | D:12     | Killed a two-headed ogre
 11489 | D:12     | HP: 2/112 [meliai/+0 war axe (9)]
 11495 | D:12     | Reached skill level 9 in Shields
 11905 | D:13     | Reached ***** piety under the Shining One
 11981 | D:13     | Noticed a six-headed hydra
 11987 | D:13     | Killed a six-headed hydra
 12780 | D:13     | Found an iron altar of Okawaru.
 13129 | D:14     | Noticed a fire dragon
 13148 | D:13     | Killed a fire dragon
 13626 | D:14     | Reached skill level 5 in Dodging
 13671 | D:14     | Noticed a two-headed ogre
 13682 | D:14     | Killed a two-headed ogre
 13861 | D:14     | Noticed a boulder beetle
 13863 | D:14     | Noticed a six-headed hydra
 13879 | D:14     | Killed a six-headed hydra
 13880 | D:14     | Reached skill level 10 in Shields
 13880 | D:14     | Reached XP level 13. HP: 82/119 MP: 14/14
 14179 | D:14     | Found a shimmering blue altar of Sif Muna.
 14480 | D:15     | Entered Level 15 of the Dungeon
 15069 | D:15     | Reached skill level 5 in Invocations
 15185 | D:15     | Found a staircase to the Depths.
 15188 | D:15     | Noticed a stone giant
 15196 | D:15     | Killed a stone giant
 15586 | Lair:1   | Entered Level 1 of the Lair of Beasts
 15757 | Lair:1   | Reached skill level 11 in Shields
 15846 | Lair:1   | Reached skill level 15 in Maces & Flails
 15999 | Lair:1   | Reached skill level 15 in Armour
 16653 | Lair:2   | Found a hole to the Spider Nest.
 17015 | Lair:2   | Reached XP level 14. HP: 130/130 MP: 17/17
 17090 | Lair:2   | Found the +4 robe of Folly {Brilliance Will-∞ Int+8}
 17824 | Lair:3   | Found a staircase to the Shoals.
 17846 | Lair:3   | You fall into a shaft and drop 3 floors!
 17846 | Lair:6   | Entered Level 6 of the Lair of Beasts
 17869 | Lair:5   | Reached skill level 12 in Shields
 18065 | Lair:5   | Found a viscous altar of Jiyva.
 18065 | Lair:5   | Found a staircase to the Slime Pits.
 18199 | Lair:5   | Reached skill level 13 in Shields
 18659 | Lair:5   | Reached skill level 14 in Shields
 19523 | Lair:4   | Reached skill level 15 in Shields
 19909 | Lair:5   | Found a bloodstained altar of Trog.
 20308 | Lair:6   | Reached ****** piety under the Shining One
 20419 | Lair:6   | Reached skill level 16 in Shields
 20720 | Lair:6   | Reached skill level 17 in Shields
 20855 | Lair:6   | Found a runed translucent door.
 20879 | Lair:6   | Reached XP level 15. HP: 117/138 MP: 18/18
 21284 | Lair:6   | Found the amulet of the Air {Inacc Air Fly rElec RMsl}
 21317 | Lair:6   | Identified the +4 rapier "Meaqaduw" {pain, rElec rF+ rCorr}
 21539 | Lair:6   | Noticed Jingleheimer's ghost (journeyman DsBe)
 21553 | Lair:6   | Killed Jingleheimer's ghost
 21775 | Orc:1    | Entered Level 1 of the Orcish Mines
 22093 | Orc:1    | Identified the +0 hat "Vomonk" {rElec rC- Dex+4}
 22123 | Orc:1    | Reached skill level 18 in Shields
 22590 | Orc:2    | Entered Level 2 of the Orcish Mines
 22648 | Orc:2    | Found a staircase to the Elven Halls.
 22774 | Orc:2    | Paralysed by an ogre mage for 7 turns
 22858 | Orc:2    | Reached skill level 19 in Shields
 22955 | Orc:2    | Found Ruqenai's Armour Shop.
 22955 | Orc:2    | Found Teon Mio's Weapon Emporium.
 22957 | Orc:2    | Found Jyuviav's General Store.
 22957 | Orc:2    | Found Rauruonk's Armour Boutique.
 22966 | Orc:2    | Bought the +9 plate armour of the Five Geomancers {Str+4}
                  | for 1251 gold pieces
 23105 | Orc:2    | Noticed Maurice
 23301 | Orc:2    | Killed Maurice
 23423 | Elf:1    | Entered Level 1 of the Elven Halls
 23551 | Elf:1    | Paralysed by an air elemental for 1 turns
 23579 | Elf:1    | Paralysed by an air elemental for 1 turns
 23583 | Elf:1    | Paralysed by an air elemental for 1 turns
 23709 | Elf:1    | Paralysed by an air elemental for 1 turns
 23813 | Elf:1    | Reached skill level 15 in Fighting
 24196 | Elf:1    | Reached XP level 16. HP: 134/149 MP: 19/19
 24923 | Elf:2    | Found a runed translucent gate.
 24924 | Elf:2    | Found a runed translucent gate.
 24924 | Elf:2    | Found a runed translucent gate.
 25059 | Elf:2    | Found a radiant altar of Vehumet.
 25841 | Elf:3    | Entered Level 3 of the Elven Halls
 26775 | Elf:3    | Reached XP level 17. HP: 120/163 MP: 20/20
 26870 | Elf:3    | Noticed Asterion
 26914 | Elf:2    | Killed Asterion
 27050 | Elf:3    | Paralysed by an air elemental for 1 turns
 27532 | Elf:3    | Noticed a deep elf blademaster
 27541 | Elf:3    | Noticed a Brimstone Fiend
 27542 | Elf:3    | Noticed a deep elf blademaster
 27551 | Elf:3    | Killed a deep elf blademaster
 27566 | Elf:3    | Noticed an Ice Fiend
 27831 | Elf:2    | Killed a deep elf blademaster
 28065 | Elf:3    | Cast into level 2 of the Abyss (a deep elf sorcerer)
 28097 | Abyss:2  | Found a transporter.
 28151 | Elf:3    | Escaped the Abyss
 28321 | Elf:3    | Identified the +11 rapier of Chaos {vamp, rElec}
 28531 | Elf:3    | Noticed an Ice Fiend
 28544 | Elf:3    | The Shining One protects you from harm!
 28545 | Elf:3    | Found the +8 storm bow {elec, penet}
 28588 | Elf:3    | Noticed a deep elf blademaster
 28601 | Elf:3    | Killed a deep elf blademaster
 28602 | Elf:3    | Noticed a deep elf blademaster
 28606 | Elf:3    | Identified the +3 trident of Karma {venom, +Blink rElec
                  | Int+3}
 28620 | Elf:3    | Killed a deep elf blademaster
 28626 | Elf:3    | Noticed a deep elf master archer
 28778 | Elf:3    | Identified the +5 battleaxe "Rocearat" {vorpal, rC+ rN+++
                  | Dex-5}
 28913 | Elf:3    | Killed a deep elf master archer
 28945 | Elf:3    | Cast into level 2 of the Abyss (a deep elf sorcerer)
 29180 | Abyss:2  | Paralysed by accursed screaming for 1 turns
 29189 | Abyss:2  | Paralysed by accursed screaming for 1 turns
 29395 | Elf:3    | Escaped the Abyss
 29942 | Shoals:1 | Entered Level 1 of the Shoals
 30352 | Shoals:1 | Reached XP level 18. HP: 136/176 MP: 21/21
 31207 | Shoals:2 | Found Unacam's Assorted Antiques.
 31544 | Shoals:3 | Noticed Louise
 31563 | Shoals:2 | Killed Louise
 31758 | Shoals:3 | Reached skill level 20 in Shields
 32010 | Shoals:3 | Noticed Donald
 32057 | Shoals:3 | Killed Donald
 32773 | Shoals:4 | Entered Level 4 of the Shoals
 33114 | Shoals:4 | Identified a scroll of acquirement
 33114 | Shoals:4 | Acquired 1355 gold pieces
 33167 | Shoals:4 | Paralysed by an air elemental for 1 turns
 33169 | Shoals:4 | Paralysed by an air elemental for 1 turns
 33173 | Shoals:4 | Paralysed by an air elemental for 1 turns
 33180 | Shoals:4 | Paralysed by an air elemental for 1 turns
 33182 | Shoals:4 | Paralysed by an air elemental for 1 turns
 33186 | Shoals:4 | Paralysed by an air elemental for 1 turns
 33301 | Shoals:4 | Paralysed by an air elemental for 1 turns
 33302 | Shoals:4 | Reached skill level 10 in Dodging
 33584 | Shoals:4 | Paralysed by an air elemental for 1 turns
 33944 | Shoals:4 | Paralysed by an air elemental for 1 turns
 34307 | Shoals:4 | Found a stormy altar of Qazlal.
 34364 | Shoals:4 | Paralysed by an air elemental for 1 turns
 34549 | Shoals:4 | Reached skill level 21 in Shields
 34884 | Shoals:4 | Got An Early Guide to Secret Knowledge
 34887 | Shoals:4 | Identified the amulet "Fasyr" {Acrobat rPois}
 34985 | Shoals:4 | Identified the ring of Xezun {rCorr MP+9 Str+4}
 34991 | Shoals:4 | Identified the +0 cloak "Sedod" {Rampage rF+}
 34997 | Shoals:4 | Got a barnacled rune of Zot
 35225 | Spider:1 | Entered Level 1 of the Spider Nest
 35360 | Spider:1 | Reached XP level 19. HP: 170/185 MP: 23/23
 35843 | Spider:1 | Noticed Aizul
 35859 | Spider:1 | Killed Aizul
 36987 | Spider:2 | Acquired a +2 eveningstar of protection
 37265 | Spider:2 | Reached skill level 22 in Shields
 37582 | Spider:2 | Noticed Frances
 37599 | Spider:2 | Killed Frances
 38949 | Spider:4 | Entered Level 4 of the Spider Nest
 39009 | Spider:4 | Reached skill level 23 in Shields
 39511 | Spider:4 | HP: 1/187 [emperor scorpion (14)]
 39511 | Spider:4 | Annihilated by a wolf spider

Illustrated notes

Levels and vault maps discovered:
D:1:      dpeg_arrival_round_b, layout_loops_cross
D:2:      kennysheep_big_flooded_room, layout_basic, basic_altar
D:3:      layout_basic, ashenzari_altar_1, kennysheep_vampire_church,
          shapermc_ecumenical_altar_rom_forum
D:4:      layout_rooms, jmf_multi_god_temple2
D:5:      layout_gridville, minmay_temple_entry_mist, grunt_tough_drop
D:6:      layout_rooms, serial_corexii_hall, chequers_hall_statues_y,
          corexii_hall_statues_i
D:7:      layout_basic, zin_scriptorium, uniq_duvessa, uniq_harold
D:8:      layout_loops_cross, mainiacjoe_overflow_alcove_1, led_xom_imps,
          lemuel_round_altar, erik_lair_orcish_takeover, uniq_erica
D:9:      layout_big_octagon, david_orc_5, serial_gnoll_camp,
          gnoll_camp_mini_hut, gnoll_camp_mini_hut, gnoll_camp_medium_02,
          gnoll_camp_mini_basic, grunt_decor_arrowhead, uniq_grum
D:10:     layout_rooms, uniq_nergalle
D:11:     layout_rooms, ebering_ghost_inner_flame, nooodl_orcs_dogs
D:12:     layout_layer_cave
D:13:     layout_basic, erik_vaults_2, okawaru_altar_gauntlet_db
D:14:     layout_roguey, minmay_misc_feat_diagonals, kennysheep_orc_sif_temple
D:15:     grunt_enter_depths_snipers, layout_long_grid, chequers_garden
Temple:   eino_temple_lava
Lair:1:   layout_gridlike, nicolae_quartered_pool_medium
Lair:2:   layout_regular_city, nicolae_spider_entry_tight_spaces,
          gammafunk_lair_bear_cave, serial_bayou_shore_b,
          infiniplex_staircase_pool, grunt_megastairs_2
Lair:3:   layout_chaotic_city, minmay_shoals_entry_beasts, grunt_megastairs_1
Lair:4:   layout_roguey, nzn_sisyphean_effort, serial_bayou_shore_b,
          infiniplex_staircase_pool_2, grunt_megastairs_3
Lair:5:   layout_layer_cave, slime_altar_1, basic_altar,
          kennysheep_abandoned_house
Lair:6:   minmay_lair_end_frog_pond, layout_gridlike,
          ebering_ghost_reflecting_pool, lookout_lair_type
Shoals:1: layout_shoals, nzn_prometheus_bound
Shoals:2: layout_shoals, serial_shops, shop
Shoals:3: layout_shoals, nicolae_shoals_flooded_hall, uniq_louise, uniq_donald,
          uniq_jorgrun
Shoals:4: shoals_end_hellmonk_storm_palace [storm_palace_center_circular,
          storm_palace_corner_grid, storm_palace_corner_pillars,
          storm_palace_corner_altar, storm_palace_corner_blocked]
Spider:1: layout_spider_delve, nicolae_spider_eight_legs, uniq_aizul
Spider:2: layout_spider_delve, guppyfry_spider_mini_1, uniq_frances
Spider:3: layout_spider_delve
Spider:4: grunt_spider_rune_parallel
Orc:1:    layout_diamond_mine, hangedman_minor_magic
Orc:2:    st_orc_ogre_mass, layout_diamond_mine, lightli_orcish_oven,
          uniq_maurice
Elf:1:    layout_loops_ring, minivault_28
Elf:2:    nicolae_elf_blades_crystal_corner, layout_onion_city, basic_altar
Elf:3:    minmay_elf_hall_not_hex, layout_geoelf_diagonals, minivault_28,
          uniq_asterion

Skill      XL: |  1  2  3  4  5  6  7  8  9 10 11 12 13 14 15 16 17 18 19 |
---------------+----------------------------------------------------------+-----
Polearms       | 3 4 5 |  5.3
Maces & Flails | 3 5 7 9 12 14 15 16 17 18 19 | 19.8
Fighting       | 4 6 9 11 12 13 14 15 18 19 20 | 20.7
Armour         | 7 10 12 14 15 17 18 19 | 19.2
Shields        | 5 6 8 10 11 17 19 21 23 | 23.5
Dodging        | 1 2 5 7 8 10 | 10.3
Invocations    | 3 6 8 |  8.2

Action                   |  1- 3 |  4- 6 |  7- 9 | 10-12 | 13-15 | 16-18 | 19-21 || total
-------------------------+-------+-------+-------+-------+-------+-------+-------++-------
Melee: Trident           |    99 |     8 |       |       |       |       |       ||   107
       Headbutt          |    11 |     6 |    29 |   121 |   304 |   450 |   167 ||  1088
       Flail             |       |    57 |   177 |   507 |  1074 |  1666 |   514 ||  3995
Throw: Javelin           |       |     2 |     4 |       |       |       |       ||     6
       Dart              |       |       |     2 |    24 |    25 |     8 |     4 ||    63
Invok: Divine Shield     |       |       |       |     1 |       |    10 |     3 ||    14
       Summon Divine War |       |       |       |       |       |     1 |       ||     1
Evoke: Phial of floods   |       |       |       |       |     1 |     1 |       ||     2
       Wand              |       |       |       |       |       |     1 |       ||     1
  Use: Scroll            |       |     8 |     6 |    14 |     1 |    14 |     5 ||    48
       Potion            |       |       |     1 |     2 |     2 |     2 |       ||     7
Armor: Scale mail        |    21 |    22 |       |       |       |       |       ||    43
       Plate armour      |       |    19 |    92 |   218 |   313 |   746 |   236 ||  1624
Dodge: Dodged            |    23 |    26 |    52 |   145 |   234 |   404 |   215 ||  1099
Block: Buckler           |    17 |    16 |    33 |    49 |       |       |       ||   115
       Kite shield       |       |       |       |   188 |   576 |   847 |       ||  1611
       Tower shield      |       |       |       |       |       |   631 |   744 ||  1375
